 Dungeon Crawl Stone Soup version 0.32-a0-361-g289a535e89 (webtiles) character file.

Game seed: 5602638032695896504

183 porpoise the Shooter (level 5, -2/41 HPs)
             Began as a Coglin Hexslinger on Feb 18, 2024.
             Slain by a phantom (5 damage)
             ... on level 4 of the Dungeon.
             The game lasted 00:06:01 (2500 turns).

porpoise the Shooter (Coglin Hexslinger)            Turns: 2500, Time: 00:06:01

Health: -2/41      AC:  6    Str:  7 (8)  XL:     5   Next: 62%
Magic:  6/6        EV: 12    Int: 10 (12) God:
Gold:   148        SH:  4    Dex: 19 (22) Spells: 6/6 levels left

rFire   . . .        a - +1 sling {José}
rCold   . . .        (no shield)
rNeg    . . .        c - +0 robe
rPois   .            (no helmet)
rElec   +            r - +0 cloak of the Land of Plenty {rElec Dex+3 Stlth+}
rCorr   +            d - +2 pair of gloves
SInv    .            (no boots)
Will    .....        (no amulet)
Stlth   +++          n - ring of resist corrosion
HPRegen 0.26/turn    (no ring)
MPRegen 0.10/turn

%: no passive effects
@: revving
A: off-hand wielding, slow wielding, warmup strikes, warmup strides, large bone
plates 1
a: no special abilities


You were on level 4 of the Dungeon.
You visited 1 branch of the dungeon, and saw 4 of its levels.

You collected 148 gold pieces.

Inventory:

Hand Weapons
 a - a +1 sling (weapon) {José}
Missiles
 j - 6 javelins
 k - 2 boomerangs
 l - 10 poisoned darts
Armour
 c - a +0 robe (worn)
 d - a +2 pair of gloves (worn)
 r - the +0 cloak of the Land of Plenty (worn) {rElec Dex+3 Stlth+}
   (You found it on level 4 of the Dungeon)

   Dex+3:     It affects your dexterity (+3).
   rElec:     It insulates you from electricity.
   Stlth+:    It makes you more stealthy.
Jewellery
 h - a ring of ice
 n - a ring of resist corrosion (left grasper)
 o - a ring of wizardry
Scrolls
 b - 2 scrolls of poison
 e - 5 scrolls of identify {unknown}
 g - 5 scrolls of teleportation
 i - 2 scrolls of fog {unknown}
 m - a scroll of enchant weapon {unknown}
 p - a scroll of vulnerability {unknown}


   Skills:
 + Level 3.0 Fighting
 * Level 4.3 Ranged Weapons
 - Level 1.7 Dodging
 - Level 1.0 Spellcasting
 - Level 2.6 Hexes
 - Level 0.8 Fire Magic


You had 6 spell levels left.
You didn't know any spells.
Your spell library contained the following spells:

 Spells                   Type           Power      Damage    Failure   Level
 Jinxbite                 Hex            10%        N/A       17%         2
 Sigil of Binding         Hex            5%         N/A       34%         3
 Tukima's Dance           Hex            5%         N/A       34%         3
 Cigotuvi's Dreadful Rot  Necr/Alch/Air  0%         N/A       45%         2
 Inner Flame              Hex/Fire       4%         N/A       45%         3
 Cause Fear               Hex            2%         N/A       75%         4
 Dimensional Bullseye     Hex/Tloc       1%         N/A       89%         4
 Dispel Undead            Necr           0%         3d6       98%         4
 Martyr's Knell           Necr/Summ      0%         N/A       98%         4
 Passage of Golubria      Tloc           0%         N/A       98%         4
 Yara's Violent Unravell  Hex/Alch       1%         3d3       99%         5
 Death Channel            Necr           0%         N/A       100%        6


Dungeon Overview and Level Annotations

Branches:
Dungeon (4/15)
 Temple: D:4-7

Altars:

Shops:
D:2 *


Innate Abilities, Weirdness & Mutations

You can wield a second weapon in your off-hand.
It takes a long time for you to wield or remove held weapons.
Your first few attacks do less damage.
Your first movements take longer.
You are partially covered in large bone plates. (SH +4)


Message History

You see here a blade talisman.
The phantom attacks as it pursues you!
The phantom hits you but does no damage.
Unknown command.
As you read the scroll labelled GIWOSA ETYU, it crumbles to dust.
You feel strangely unstable.
It was a scroll of teleportation.
The phantom barely misses you. The phantom closely misses you.
The phantom attacks as it pursues you!
The phantom hits you but does no damage.
The phantom attacks as it pursues you! The phantom hits you.
The phantom hits you but does no damage.
The phantom hits you.
The phantom blinks!
You blink.
You shoot a sling bullet. The sling bullet hits the phantom.
The phantom is almost destroyed.
The phantom hits you.
* * * LOW HITPOINT WARNING * * *
The phantom blinks!
You blink.
You shoot a sling bullet. The sling bullet hits the phantom.
The phantom is almost destroyed.
Your surroundings seem slightly different.
Fire: a) +1 sling {José}
Press: ? - help, Q - select action, (/) - cycle Shift-Dir - straight line, f/p - phantom
Aim: a phantom (almost destroyed, 56% to hit)
You shoot a sling bullet.
The sling bullet barely misses the phantom.
Fire: a) +1 sling {José}
Press: ? - help, Q - select action, (/) - cycle Shift-Dir - straight line, f/p - phantom
Aim: a phantom (almost destroyed, 56% to hit)
You shoot a sling bullet. The sling bullet hits the gnoll.
The gnoll is almost dead.
The gnoll hits you with a +0 flail!
* * * LOW HITPOINT WARNING * * *
It was a potion of mutation.
You feel extremely strange.
Large bone plates grow over parts of your arms.
It was a potion of degeneration.
There was something very wrong with that liquid.
You feel weakened.
You feel dopey.
You feel clumsy. The phantom hits you.
You die...

######
#########WgW.#
#.......%.##@#
#.........##.#
#####..######.##.#
§§.....# #.§..#
#####.## ##...#
#.# ##..### #.#
#....# #.#
#.##...... #.# #.#
##....


You could see 2 phantoms and a gnoll.

Vanquished Creatures
  An orc wizard (D:3)
  2 gnolls (D:4)
  3 adders
  4 dart slugs (D:1)
  3 orcs
  4 ball pythons
  7 endoplasms
  4 giant cockroaches
  4 goblins
  5 hobgoblins
  3 jackals (D:1)
  4 quokkas
  4 bats
  3 frilled lizards
  2 kobolds
  5 rats
58 creatures vanquished.

Notes
Turn   | Place    | Note
-------+----------+-------------------------------------------
     0 | D:1      | porpoise the Coglin Hexslinger began the quest for the Orb.
     0 | D:1      | Reached XP level 1. HP: 15/15 MP: 2/2
    87 | D:1      | Reached skill level 2 in Ranged Weapons
   102 | D:1      | Reached XP level 2. HP: 21/21 MP: 3/3
   194 | D:1      | Reached XP level 3. HP: 27/27 MP: 4/4
   332 | D:1      | Found a faded altar of an unknown god.
   442 | D:1      | Reached skill level 3 in Ranged Weapons
  1035 | D:2      | Reached XP level 4. HP: 33/33 MP: 5/5
  1055 | D:2      | Found Ziecveen's General Store.
  1707 | D:3      | Reached XP level 5. HP: 39/39 MP: 6/6
  1827 | D:3      | Reached skill level 4 in Ranged Weapons
  2310 | D:4      | Noticed a phantom
  2444 | D:4      | Identified the +0 cloak of the Land of Plenty {rElec Dex+3
                  | Stlth+}
  2457 | D:4      | Noticed a phantom
  2497 | D:4      | HP: 2/41 [gnoll/+0 flail[a gnoll bouda] (8)]
  2498 | D:4      | Gained mutation: You are partially covered in large bone
                  | plates. (SH +4) [potion of mutation]
  2500 | D:4      | Slain by a phantom

Illustrated notes

Levels and vault maps discovered:
D:1:      evilmike_arrival_fibonacci_small, layout_basic,
          shapermc_ecumenical_altar_hornbeckon, kennysheep_nondescript
D:2:      wad_river_or_something, layout_basic, serial_shops, shop
D:3:      layout_loops_cross
D:4:      layout_rooms, nicolae_qazlal_style_of_elements,
          amcnicky_mini_corridor_feature,
          serial_library_regret_index_branch_corner, uniq_crazy_yiuf_cottage,
          uniq_natasha

Skill      XL: |  1  2  3  4  5 |
---------------+----------------+-----
Ranged Weapons | 2 3 4 |  4.3
Fighting       | 2 3 |  3.0
Dodging        | |  1.7
Spellcasting   | |  1.0
Hexes          | |  2.6
Fire Magic     | |  0.8

Action                     |  1- 3 |  4- 6 || total
---------------------------+-------+-------++-------
   Fire: Sling             |    88 |   133 ||   221
    Use: Potion            |       |     2 ||     2
         Scroll            |       |     1 ||     1
 Armour: Robe              |    21 |    48 ||    69
  Dodge: Dodged            |    16 |    51 ||    67

Table legend: (Time is in decaauts)
 A = Elapsed time spent in this place.
 B = Non-inter-level travel time spent in this place.
 C = Inter-level travel time spent in this place.
 D = Time resting spent in this place.
 E = Time spent auto-exploring this place.
 F = Levels seen in this place.
 G = Mean time per level.
                   A        B        C        D        E       F      G
               +--------+--------+--------+--------+--------+-----+--------+
         Total |   2663 |   2568 |     95 |     28 |   2095 |   4 |  665.8 |
       Dungeon |   2663 |   2568 |     95 |     28 |   2095 |   4 |  665.8 |
               +--------+--------+--------+--------+--------+-----+--------+

Top non-repeatable levels by time:
     D:1: 935 daAuts
     D:2: 842 daAuts
     D:3: 676 daAuts
     D:4: 208 daAuts
